 Dungeon Crawl Stone Soup version 0.31-a0-175-g9f7f995f2b (webtiles) character file.

Game seed: 10007571290879422605

87 qw the Shooter (level 4, -1/40 HPs)
             Began as a Naga Hunter on June 16, 2023.
             Slain by a goblin
             ... wielding a +0 club
             ... led by Robin
              (5 damage)
             ... on level 3 of the Dungeon.
             The game lasted 00:00:40 (1680 turns).

qw the Shooter (Naga Hunter)                        Turns: 1680, Time: 00:00:40

Health: -1/40      AC:  2    Str: 14    XL:     4   Next: 51%
Magic:  4/4        EV:  9    Int:  9    God:
Gold:   72         SH:  0    Dex: 16    Spells: 3/3 levels left

rFire   . . .        Y - +0 shortbow
rCold   . . .        (shield currently unavailable)
rNeg    . . .        c - +0 leather armour
rPois   +            (no helmet)
rElec   .            (no cloak)
rCorr   .            (no gloves)
SInv    +            (no barding)
Will    .....        (no amulet)
Stlth   ++           (no ring)
HPRegen 0.26/turn    (no ring)
MPRegen 0.09/turn

%: no passive effects
@: short of breath, very slow
A: AC +1, large, see invisible, deformed body, poison resistance, slowness 2,
spit poison 1, naga tail 1
a: Spit Poison


You were on level 3 of the Dungeon.
You visited 1 branch of the dungeon, and saw 3 of its levels.

You collected 72 gold pieces.


Innate Abilities, Weirdness & Mutations

Your serpentine skin is tough. (AC +1)
You have supernaturally acute eyesight. (SInv)
Armour fits poorly on your strangely shaped body.
Your system is resistant to poisons. (rPois)
You cover ground very slowly.
You can spit poison.
You have a snake-like lower body.


   Skills:
 + Level 2.7 Fighting
 - Level 5.0 Ranged Weapons
 - Level 1.5 Dodging
 - Level 1.5 Stealth


You had 3 spell levels left.
You didn't know any spells.
Your spell library was empty.

Inventory:

Hand Weapons
 Y - a +0 shortbow (weapon)
Armour
 c - a +0 leather armour (worn)
Potions
 f - a potion of mutation {unknown}
 h - a potion of enlightenment {unknown}
 j - a potion of magic {unknown}

Dungeon Overview and Level Annotations

Branches:
Dungeon (3/15)

Altars:


Message History

A goblin comes into view. It is wielding a +0 dagger.
A goblin comes into view. It is wielding a +0 club.
You hear a shout! x2
You shoot an arrow. The arrow hits Robin!
Robin is severely wounded.
You shoot an arrow. The arrow hits Robin.
Robin is almost dead.
A goblin comes into view. It is wielding a +0 club.
Robin misses you.
You shoot an arrow. The arrow hits Robin.
Robin is almost dead.
You hear a shout!
Robin roars a battlecry!
The goblin goes into a battle-frenzy!
A goblin comes into view. It is wielding a +0 dagger.
You shoot an arrow. The arrow hits Robin!
You kill Robin!
The goblin closely misses you.
You shoot an arrow. The arrow barely misses the goblin.
The arrow closely misses the goblin.
The arrow hits the goblin!
You kill the goblin!
You have got your breath back.
The goblin hits you with a +0 dagger.
1677 ||| INVOKING Spit Poison.
Aiming: Spit Poison (1% risk of failure)
Press: ? - help, Shift-Dir - straight line, f - goblin, p - goblin The splash of poison hits the goblin.
The goblin is poisoned.
You kill the goblin!
A goblin comes into view. It is wielding a +0 dagger.
The goblin hits you with a +0 club.
You shoot an arrow. The arrow closely misses the goblin.
The goblin closely misses you. The goblin barely misses you.
The goblin hits you but does no damage.
You shoot an arrow. The arrow hits the goblin.
The goblin is heavily wounded.
The goblin hits you but does no damage. The goblin hits you with a +0 club. x2
You shoot an arrow. The arrow hits the goblin.
You kill the goblin!
The goblin closely misses you. The goblin hits you with a +0 club.
You die...

###....##.#
......#.##.#
####.##.##.#
#.......#
###...### #...#
#...# #
#.###...####...#
#.......@g..)...
#.......gg.....#
#...........##).
#.#.#...#.###
..#.#...#.# #
#...#.# #...#.#
....#.#


You could see 3 goblins.

Vanquished Creatures
  Robin (D:3)
  2 dart slugs
  3 ball pythons
  5 bats
  4 endoplasms
  A giant cockroach (D:1)
  8 goblins
  11 hobgoblins
  8 jackals (D:2)
  9 kobolds
  2 quokkas (D:2)
  3 frilled lizards
  3 rats
60 creatures vanquished.

Notes
Turn   | Place    | Note
-------+----------+-------------------------------------------
     0 | D:1      | qw the Naga Hunter began the quest for the Orb.
     0 | D:1      | Reached XP level 1. HP: 19/19 MP: 1/1
     0 | D:1      | 0 ||| qw: Version: 0.2-a-29-g511e9b1
     0 | D:1      | 0 ||| qw: Game counter: 5711
     0 | D:1      | 0 ||| qw: Always use a shield: true
     0 | D:1      | 0 ||| qw: God list: Okawaru
     0 | D:1      | 0 ||| qw: Allow faded altars: false
     0 | D:1      | 0 ||| qw: Do Orc after D:15 true
     0 | D:1      | 0 ||| qw: Do second Lair branch before Depths: true
     0 | D:1      | 0 ||| qw: Lair rune preference: random
     0 | D:1      | 0 ||| qw: Plans: Normal
     0 | D:1      | 0 ||| PLANNING D:1-11
    10 | D:1      | 10 ||| INVOKING Spit Poison.
    26 | D:1      | 26 ||| INVOKING Spit Poison.
    31 | D:1      | 31 ||| INVOKING Spit Poison.
    62 | D:1      | 62 ||| INVOKING Spit Poison.
    68 | D:1      | 68 ||| INVOKING Spit Poison.
    71 | D:1      | 71 ||| INVOKING Spit Poison.
   117 | D:1      | 117 ||| INVOKING Spit Poison.
   118 | D:1      | Reached skill level 4 in Ranged Weapons
   118 | D:1      | Reached XP level 2. HP: 26/26 MP: 2/2
   127 | D:1      | 127 ||| INVOKING Spit Poison.
   165 | D:1      | 165 ||| INVOKING Spit Poison.
   184 | D:1      | 184 ||| INVOKING Spit Poison.
   353 | D:1      | 353 ||| INVOKING Spit Poison.
   394 | D:1      | 394 ||| INVOKING Spit Poison.
   426 | D:1      | 426 ||| INVOKING Spit Poison.
   432 | D:1      | Found a faded altar of an unknown god.
   436 | D:1      | 436 ||| INVOKING Spit Poison.
   442 | D:1      | 442 ||| INVOKING Spit Poison.
   449 | D:1      | 449 ||| INVOKING Spit Poison.
   468 | D:1      | Reached XP level 3. HP: 32/32 MP: 3/3
   525 | D:1      | 525 ||| INVOKING Spit Poison.
   675 | D:1      | 675 ||| INVOKING Spit Poison.
   975 | D:1      | 975 ||| READING scroll labelled ILICHI LUASOMP.
   976 | D:1      | 976 ||| READING scroll labelled DUPTUFUDOHE.
   977 | D:1      | 977 ||| READING scroll labelled YGUPIL ESIKLOU.
   978 | D:1      | 978 ||| READING scroll labelled POOTTE FAUGY.
   979 | D:1      | 979 ||| DROPPING scroll of butterflies.
  1027 | D:2      | 1027 ||| INVOKING Spit Poison.
  1033 | D:2      | 1033 ||| INVOKING Spit Poison.
  1045 | D:2      | 1045 ||| INVOKING Spit Poison.
  1048 | D:2      | 1048 ||| INVOKING Spit Poison.
  1051 | D:2      | 1051 ||| INVOKING Spit Poison.
  1057 | D:2      | 1057 ||| INVOKING Spit Poison.
  1063 | D:2      | 1063 ||| INVOKING Spit Poison.
  1199 | D:2      | 1199 ||| INVOKING Spit Poison.
  1206 | D:2      | 1206 ||| INVOKING Spit Poison.
  1210 | D:2      | 1210 ||| INVOKING Spit Poison.
  1216 | D:2      | 1216 ||| INVOKING Spit Poison.
  1270 | D:2      | 1270 ||| INVOKING Spit Poison.
  1322 | D:2      | 1322 ||| INVOKING Spit Poison.
  1328 | D:2      | 1328 ||| INVOKING Spit Poison.
  1378 | D:2      | 1378 ||| INVOKING Spit Poison.
  1398 | D:2      | 1398 ||| INVOKING Spit Poison.
  1401 | D:2      | 1401 ||| INVOKING Spit Poison.
  1423 | D:2      | 1423 ||| INVOKING Spit Poison.
  1424 | D:2      | Reached skill level 5 in Ranged Weapons
  1508 | D:2      | 1508 ||| INVOKING Spit Poison.
  1509 | D:2      | Reached XP level 4. HP: 39/39 MP: 4/4
  1514 | D:2      | 1514 ||| INVOKING Spit Poison.
  1574 | D:2      | 1574 ||| READING scroll labelled CYNNUC CEMPE.
  1575 | D:2      | 1575 ||| DRINKING 2 green potions.
  1613 | D:2      | 1613 ||| DROPPING potion of lignification.
  1631 | D:3      | 1631 ||| INVOKING Spit Poison.
  1653 | D:3      | 1653 ||| INVOKING Spit Poison.
  1656 | D:3      | 1656 ||| INVOKING Spit Poison.
  1663 | D:3      | 1663 ||| INVOKING Spit Poison.
  1669 | D:3      | Noticed Robin
  1670 | D:3      | 1670 ||| INVOKING Spit Poison.
  1675 | D:3      | Killed Robin
  1677 | D:3      | 1677 ||| INVOKING Spit Poison.
  1679 | D:3      | HP: 10/40 [goblin/+0 club[Robin] (4)]
  1679 | D:3      | HP: 4/40 [goblin/+0 club[Robin] (6)]
  1680 | D:3      | Slain by a goblin

Levels and vault maps discovered:
D:1:      roderic_crop_circles_arrival_small, layout_basic,
          hellmonk_ecumenical_altar_pennies_from_heaven
D:2:      layout_rooms
D:3:      layout_loops_cross, nicolae_ru_great_annihilating_truth, uniq_sigmund,
          uniq_robin

Skill      XL: |  1  2  3 |
---------------+----------+-----
Ranged Weapons | 4 5 |  5.0
Fighting       | |  2.7
Dodging        | |  1.5
Stealth        | |  1.5

Action                     |  1- 3 |  4- 6 || total
---------------------------+-------+-------++-------
   Fire: Shortbow          |    91 |    26 ||   117
Ability: Spit Poison       |    37 |     7 ||    44
    Use: Scroll            |     4 |     1 ||     5
         Potion            |       |     1 ||     1
 Armour: Leather armour    |    14 |     4 ||    18
  Dodge: Dodged            |    38 |     8 ||    46

Table legend:
 A = Non-vault XP
 B = Vault XP
 C = Vault XP percentage of total XP
 D = Non-vault monster count
 E = Vault monster count
 F = Vault count percentage of total count
                 A         B        C        D         E       F
            +---------+---------+-------+---------+---------+-------
      Total |      93 |      34 |  26.8 |      51 |       9 |  15.0
            +---------+---------+-------+---------+---------+-------
        D:1 |      38 |       0 |   0.0 |      21 |       0 |   0.0
        D:2 |      48 |       0 |   0.0 |      27 |       0 |   0.0
        D:3 |       7 |      34 |  82.9 |       3 |       9 |  75.0
            +---------+---------+-------+---------+---------+-------
